 Dungeon Crawl Stone Soup version 0.28.0-49-g6dfe1f597d (webtiles) character file.

Game seed: 1500070132158266590

417 kommiami the Ruffian (level 6, -5/61 HPs)
             Began as a Troll Fighter on May 18, 2022.
             Slain by Pikel
             ... wielding a +0 whip of freezing
              (9 damage)
             ... on level 5 of the Dungeon.
             The game lasted 00:56:21 (4738 turns).

kommiami the Ruffian (Troll Fighter)                Turns: 4738, Time: 00:56:22

Health: -5/61      AC:  6    Str: 27    XL:     6   Next: 61%
Magic:  5/5        EV:  9    Int:  4    God:
Gold:   215        SH:  7    Dex:  9    Spells: 5/5 levels left

rFire   . . .      SeeInvis .     - Unarmed
rCold   . . .      Faith    .   b - +0 kite shield
rNeg    + . .      Spirit   .   z - +2 robe {rN+}
rPois   .          Reflect  .   (helmet restricted)
rElec   .          Harm     .   (no cloak)
rCorr   .          Rampage  .   (gloves unavailable)
Will    .....                   (boots unavailable)
Stlth   +.........              (no amulet)
HPRegen 1.00/turn               (no ring)
MPRegen 0.09/turn               (no ring)

@: no status effects
A: large, unfitting armour, claws 3, regeneration 1, shaggy fur 1, tough skin 1
a: no special abilities


You were on level 5 of the Dungeon.
You visited 1 branch of the dungeon, and saw 5 of its levels.

You collected 215 gold pieces.

Inventory:

Hand Weapons
 y - a +0 scythe
 A - a +0 hunting sling
 G - a +0 mace
 H - a +0 glaive
 J - a +2 falchion of holy wrath
 N - a +0 giant spiked club
Missiles
 d - 8 curare-tipped darts
 e - 176 stones (quivered)
 h - 72 arrows
 u - 3 poisoned darts
 K - 4 large rocks
 V - 29 bolts
Armour
 b - a +0 kite shield (worn)
 w - the +0 leather armour of the Volcano {-Tele Rampage Will+++ Slay-6}
   (You found it on level 4 of the Dungeon)

   Slay:      It affects your accuracy & damage with ranged weapons and melee
   (-6).
   -Tele:     It prevents most forms of teleportation.
   Rampage:   It bestows one free step when moving towards enemies.
   Will:      It greatly increases your willpower.
 z - a +2 robe of positive energy (worn)
 P - a +0 animal skin
Scrolls
 n - 4 scrolls of identify {unknown}
 o - a scroll of enchant weapon {unknown}
 r - a scroll of brand weapon {unknown}
 v - 3 scrolls of teleportation {unknown}
 x - a scroll of amnesia {unknown}
 E - a scroll of blinking {unknown}
 I - a scroll of magic mapping {unknown}
 L - a scroll of immolation {unknown}
Potions
 c - a potion of might
 f - a potion of flight {unknown}
 i - a potion of haste {unknown}
 m - a potion of ambrosia {unknown}
 p - 2 potions of mutation {unknown}
 t - 2 potions of brilliance {unknown}
 F - a potion of curing {unknown}
 Y - a potion of resistance {unknown}


   Skills:
 + Level 3.1 Fighting
 + Level 1.9 Maces & Flails
 + Level 1.2 Throwing
 + Level 3.6 Dodging
 + Level 0.4 Stealth
 + Level 3.0 Shields
 + Level 4.2 Unarmed Combat


You had 5 spell levels left.
You didn't know any spells.
Your spell library was empty.

Dungeon Overview and Level Annotations

Branches:
Dungeon (5/15)
 Temple: D:4-7

Altars:
Uskayaw

Shops:
D:1 =

Annotations:
D:5 Pikel


Innate Abilities, Weirdness & Mutations

You are too large for most types of armour.
You have claws for hands.
Your natural rate of healing is unusually fast.
You are covered in fur. (AC +1)
You have tough skin. (AC +1)


Message History

You claw Pikel!
Pikel is heavily wounded.
Pikel hits you with a +0 whip of freezing.
Pikel freezes you.
You closely miss Pikel.
Pikel is heavily wounded.
Pikel hits you with a +0 whip of freezing!
Pikel freezes you.
You scratch Pikel.
Pikel is severely wounded.
You block Pikel's attack.
You closely miss Pikel.
Pikel is severely wounded.
Pikel hits you with a +0 whip of freezing.
Pikel freezes you.
You scratch Pikel but do no damage.
Pikel is severely wounded.
Pikel hits you with a +0 whip of freezing.
Pikel freezes you.
You claw Pikel!
Pikel is almost dead.
Pikel hits you with a +0 whip of freezing!
* * * LOW HITPOINT WARNING * * *
Pikel freezes you.
* * * LOW HITPOINT WARNING * * *
Unknown command.
Press: ? - help, v - describe, . - travel
Here: Pikel, wielding a +0 whip of freezing and wearing a +2 robe of resistance (almost dead)
The floor.
You miss Pikel.
Pikel is almost dead.
Pikel hits you with a +0 whip of freezing!
* * * LOW HITPOINT WARNING * * *
Pikel freezes you.
* * * LOW HITPOINT WARNING * * *
Unknown command.
You scratch Pikel but do no damage.
Pikel is almost dead.
Pikel hits you with a +0 whip of freezing!
You die...

#..###.#
##......######
######.............
#[.......##..#####.#
######.##...<......#
#.##.#..#####...
#.......##
#.<..........
#@##.##.#####
#K##.##.# #5##.##.#
#5#...#.# #55.....#
).............#
...............
..............#
..#######...###


You could see Pikel and 4 lemures.

Vanquished Creatures
  Sigmund (D:4)
  An ogre (D:2)
  A howler monkey (D:4)
  An iguana (D:4)
  Robin (D:2)
  3 adders
  A worm (D:3)
  A dart slug (D:4)
  6 ball pythons
  10 bats
  3 endoplasms
  2 giant cockroaches
  13 goblins
  7 hobgoblins
  3 jackals (D:4)
  3 quokkas (D:1)
  3 frilled lizards
  9 kobolds
  3 rats
72 creatures vanquished.

Notes
Turn   | Place    | Note
-------+----------+-------------------------------------------
     0 | D:1      | kommiami the Troll Fighter began the quest for the Orb.
     0 | D:1      | Reached XP level 1. HP: 22/22 MP: 0/0
   124 | D:1      | Found Yver Sau's Jewellery Boutique.
   171 | D:1      | Reached XP level 2. HP: 29/29 MP: 1/1
  1745 | D:2      | Reached XP level 3. HP: 33/36 MP: 2/2
  1922 | D:2      | Noticed Robin
  1935 | D:2      | Noticed an ogre
  1943 | D:2      | Killed an ogre
  1944 | D:2      | Reached skill level 3 in Unarmed Combat
  1944 | D:2      | Reached XP level 4. HP: 28/44 MP: 3/3
  1944 | D:2      | Reached XP level 5. HP: 33/52 MP: 4/4
  1945 | D:2      | Killed Robin
  2644 | D:2      | Found a faded altar of an unknown god.
  3757 | D:4      | Noticed Sigmund
  3762 | D:4      | Found a hide-covered altar of Uskayaw.
  3793 | D:5      | Entered Level 5 of the Dungeon
  3918 | D:4      | Reached skill level 1 in Throwing
  3982 | D:4      | Identified the +0 leather armour of the Volcano {-Tele
                  | Rampage Will+++ Slay-6}
  4007 | D:4      | Killed Sigmund
  4008 | D:4      | Reached skill level 1 in Maces & Flails
  4008 | D:4      | Reached skill level 4 in Unarmed Combat
  4008 | D:4      | Reached XP level 6. HP: 52/61 MP: 5/5
  4700 | D:5      | Noticed Pikel
  4737 | D:5      | HP: 3/61 [Pikel/+0 whip of freezing (3)]
  4738 | D:5      | Slain by Pikel

Illustrated notes

Levels and vault maps discovered:
D:1:      dpeg_arrival_signposts, layout_basic, serial_shops,
          nicolae_shop_statue_plus
D:2:      layout_basic, ebering_ecumenical_altar_hall,
          chequers_serial_rivers_micro_c, chequers_decorated_corner,
          minmay_tromino_v7, uniq_robin
D:3:      layout_basic, kennysheep_another_room
D:4:      layout_basic, nicolae_uskayaw_murder_on_the_dancefloor,
          dk_noncrumbling_4, uniq_sigmund
D:5:      layout_loops_cross, lightli_church_of_beogh, uniq_pikel

Skill      XL: |  1  2  3  4  5 |
---------------+----------------+-----
Dodging        | 3 |  3.6
Unarmed Combat | 3 4 |  4.2
Throwing       | 1 |  1.2
Shields        | 3 |  3.0
Fighting       | 3 |  3.1
Maces & Flails | 1 |  1.9
Stealth        | |  0.4

Action                   |  1- 3 |  4- 6 || total
-------------------------+-------+-------++-------
Melee: Unarmed           |    88 |    88 ||   176
       Giant spiked club |       |    41 ||    41
Throw: Dart              |     1 |     1 ||     2
       Stone             |     9 |    17 ||    26
       Large rock        |     4 |       ||     4
Armor: Robe              |    27 |    49 ||    76
Dodge: Dodged            |    29 |    59 ||    88
Block: Kite shield       |    30 |    23 ||    53
